[Event "Vienna Chess Open 2019"]
[Site "Vienna"]
[Date "2019.08.17"]
[Round "1.9"]
[White "Bruaset, Eivind"]
[Black "Hertneck, Gerald"]
[Result "0-1"]
[ECO "C01"]
[WhiteElo "2150"]
[BlackElo "2495"]
[Annotator "ChessBase"]
[PlyCount "64"]
[EventDate "2019.08.17"]
[EventType "swiss"]
[EventCountry "AUT"]
[SourceTitle "playchess.com"]
[Source "ChessBase"]
[SourceQuality "1"]
[TimeControl "40/5400+30:1800+30"]

1. e4 e6 2. d4 d5 3. exd5 exd5 4. Nf3 Bd6 5. Bd3 Ne7 6. O-O O-O 7. h3 Bf5 8. Re1 Nbc6 9. c3 Bxd3 10. Qxd3 Ng6 11. b3 Qd7 12. Ba3 Nf4 13. Qc2 Bxa3 14. Nxa3 Rae8 15. Rad1 Re6 16. Qd2 Nxh3+ 17. gxh3 Rg6+ 18. Kh2 Rh6 19. Qxh6 gxh6 20. Rg1+ Kh8 21. Rg3 Rg8 22. Rdg1 Rxg3 23. Rxg3 Qe7 24. b4 Qe2 25. Kg2 f6 26. Nh4 Qe4+ 27. Nf3 h5 28. Nb5 Ne7 29. h4 Nf5 30. Rh3 a6 31. Na3 Qg4+ 32. Kh2 Qf4+ 0-1

[Event "Vienna Chess Open 2019"]
[Site "Vienna"]
[Date "2019.08.17"]
[Round "1.9"]
[White "Tancsa, Tamas"]
[Black "Abdumalik, Zhansaya"]
[Result "0-1"]
[ECO "B41"]
[WhiteElo "2136"]
[BlackElo "2457"]
[Annotator "ChessBase"]
[PlyCount "60"]
[EventDate "2019.08.17"]
[EventType "swiss"]
[EventCountry "AUT"]
[SourceTitle "playchess.com"]
[Source "ChessBase"]
[SourceQuality "1"]
[TimeControl "40/5400+30:1800+30"]

1. e4 c5 2. Nf3 e6 3. d4 cxd4 4. Nxd4 a6 5. c4 Nf6 6. Nc3 Qc7 7. a3 b6 8. Be3 Bb7 9. f3 h5 10. Be2 h4 11. b4 Be7 12. Rc1 d6 13. Qd2 Nbd7 14. Na4 Rc8 15. Nb3 O-O 16. O-O h3 17. g3 Qb8 18. Rb1 Bd8 19. Rfc1 Bc7 20. Bf2 Qa8 21. Nc3 Ne5 22. Qe3 Rfe8 23. c5 bxc5 24. bxc5 d5 25. Nd2 Bc6 26. exd5 exd5 27. Qg5 d4 28. Bxd4 Rcd8 29. Nb3 Bxf3 30. Bxe5 Bxe2 0-1

[Event "Vienna Chess Open 2019"]
[Site "Vienna"]
[Date "2019.08.17"]
[Round "1.9"]
[White "Rittmann, Dirk"]
[Black "Menezes, Christoph"]
[Result "1/2-1/2"]
[ECO "B94"]
[WhiteElo "2129"]
[BlackElo "2420"]
[Annotator "NA"]
[PlyCount "75"]
[EventDate "2019.08.17"]
[EventType "swiss"]
[EventCountry "AUT"]
[SourceTitle "playchess.com"]
[Source "ChessBase"]
[SourceQuality "1"]
[TimeControl "40/5400+30:1800+30"]

1. e4 c5 2. Nf3 d6 3. d4 cxd4 4. Nxd4 Nf6 5. Nc3 a6 6. Bg5 Nbd7 7. f4 Qc7 8. Bd3 h6 9. Bh4 g6 10. Qe2 e5 11. fxe5 dxe5 12. Nf3 b5 13. O-O Bg7 14. a4 b4 15. Nd5 Nxd5 16. exd5 O-O 17. Be7 Re8 18. d6 Qc5+ 19. Kh1 Bb7 20. Rae1 Rac8 21. Bxa6 Bxa6 22. Qxa6 f5 23. Qb7 Qc6 24. Qxb4 Rb8 25. Qa3 e4 26. Qa2+ Kh7 27. Nh4 Rxb2 28. Qe6 Ne5 29. Nxf5 gxf5 30. Qxf5+ Kg8 31. Qxe4 Qxe4 32. Rxe4 Rxc2 33. Rxe5 Bxe5 34. d7 Ra8 35. d8=Q+ Rxd8 36. Bxd8 Ra2 37. a5 Bc3 38. g3 1/2-1/2

[Event "Vienna Chess Open 2019"]
[Site "Vienna"]
[Date "2019.08.17"]
[Round "1.10"]
[White "Kindermann, Stefan"]
[Black "Lakuntza Plazaola, Asier"]
[Result "0-1"]
[ECO "D00"]
[WhiteElo "2494"]
[BlackElo "2149"]
[Annotator "ChessBase"]
[PlyCount "83"]
[EventDate "2019.08.17"]
[EventType "swiss"]
[EventCountry "AUT"]
[SourceTitle "playchess.com"]
[Source "ChessBase"]
[SourceQuality "1"]
[TimeControl "40/5400+30:1800+30"]

1. d4 d5 2. Bg5 Nd7 3. e3 Ngf6 4. Nd2 e5 5. dxe5 Nxe5 6. Ngf3 Ng6 7. c4 Be7 8. cxd5 Nxd5 9. Bxe7 Qxe7 10. Bc4 Nb6 11. Be2 O-O 12. Qc2 c6 13. O-O Rd8 14. Nb3 Nd5 15. Rfd1 Bg4 16. h3 Bd7 17. Rd4 Rac8 18. Rad1 Nf6 19. Nc5 b6 20. Nb7 c5 21. R4d2 Rf8 22. Nd6 Rcd8 23. Bc4 Be6 24. Ng5 Bxc4 25. Qxc4 Ne5 26. Qf4 h6 27. Nf5 Qc7 28. Rxd8 Rxd8 29. Rxd8+ Qxd8 30. Qxe5 hxg5 31. Nd6 Qd7 32. b3 Nh7 33. Nf5 f6 34. Qb8+ Nf8 35. Nd6 g4 36. h4 Qe6 37. g3 Qd5 38. e4 Qd1+ 39. Kg2 Qf3+ 40. Kg1 Qd1+ 41. Kg2 Qf3+ 42. Kg1 0-1

[Event "Vienna Chess Open 2019"]
[Site "Vienna"]
[Date "2019.08.17"]
[Round "1.10"]
[White "Ankit, R. Rajpara"]
[Black "Teuschler, Barbara"]
[Result "1-0"]
[ECO "D25"]
[WhiteElo "2454"]
[BlackElo "2134"]
[Annotator "ChessBase"]
[PlyCount "55"]
[EventDate "2019.08.17"]
[EventType "swiss"]
[EventCountry "AUT"]
[SourceTitle "playchess.com"]
[Source "ChessBase"]
[SourceQuality "1"]
[TimeControl "40/5400+30:1800+30"]

1. d4 d5 2. c4 dxc4 3. Nf3 Nf6 4. e3 Bg4 5. Bxc4 e6 6. h3 Bh5 7. Nc3 a6 8. g4 Bg6 9. Ne5 Nbd7 10. Nxg6 hxg6 11. Qf3 c6 12. Bd2 Bb4 13. a3 Ba5 14. b4 Bc7 15. Bb3 Qe7 16. e4 e5 17. d5 Nb6 18. dxc6 bxc6 19. Be3 Nfd7 20. h4 Qf6 21. Ke2 Bd8 22. h5 gxh5 23. gxh5 Rc8 24. Qg4 c5 25. Rac1 cxb4 26. Nd5 Nxd5 27. Rxc8 N5b6 28. Bg5 1-0

[Event "Vienna Chess Open 2019"]
[Site "Vienna"]
[Date "2019.08.17"]
[Round "1.10"]
[White "Mesaros, Florian"]
[Black "Varshini, V."]
[Result "1-0"]
[ECO "D35"]
[WhiteElo "2420"]
[BlackElo "2128"]
[Annotator "NA"]
[PlyCount "105"]
[EventDate "2019.08.17"]
[EventType "swiss"]
[EventCountry "AUT"]
[SourceTitle "playchess.com"]
[Source "ChessBase"]
[SourceQuality "1"]
[TimeControl "40/5400+30:1800+30"]

1. d4 d5 2. c4 e6 3. Nc3 Nf6 4. cxd5 exd5 5. Bg5 Be7 6. e3 O-O 7. Bd3 Nbd7 8. Nge2 c6 9. O-O Re8 10. f3 Nf8 11. Qc2 g6 12. Rad1 Ne6 13. Bh4 Ng7 14. e4 dxe4 15. fxe4 Ng4 16. Bxe7 Qc7 17. e5 Qxe7 18. Qc1 Qh4 19. h3 Nh6 20. Ne4 Nhf5 21. Rf4 Qh6 22. Nf6+ Kf8 23. Nxe8 Kxe8 24. Be4 Ne6 25. Rf2 Nexd4 26. Nxd4 Qxc1 27. Rxc1 Nxd4 28. Rd2 Ne6 29. Rxc6 Ng5 30. Bd5 Be6 31. Rc4 Rd8 32. Rcd4 Bxd5 33. Rxd5 Ne6 34. Kf2 Rc8 35. Ke3 Rc7 36. R5d3 Rc5 37. Rd5 Rc7 38. g4 g5 39. h4 h6 40. h5 a6 41. Kf3 Rc4 42. R2d3 Kf8 43. Rc3 Rb4 44. Rc8+ Kg7 45. Rd7 Rb5 46. Rb8 Rxb2 47. Rbxb7 Rxa2 48. Rxf7+ Kg8 49. Rfe7 Ra3+ 50. Kf2 Ra2+ 51. Ke3 Ra3+ 52. Kd2 Nf8 53. Re8 1-0

[Event "Vienna Chess Open 2019"]
[Site "Vienna"]
[Date "2019.08.17"]
[Round "1.11"]
[White "Finsterwalder, Sebastian"]
[Black "Valsecchi, Alessio"]
[Result "0-1"]
[ECO "A65"]
[WhiteElo "2147"]
[BlackElo "2494"]
[Annotator "ChessBase"]
[PlyCount "106"]
[EventDate "2019.08.17"]
[EventType "swiss"]
[EventCountry "AUT"]
[SourceTitle "playchess.com"]
[Source "ChessBase"]
[SourceQuality "1"]
[TimeControl "40/5400+30:1800+30"]

1. d4 Nf6 2. c4 c5 3. d5 e6 4. Nc3 exd5 5. cxd5 d6 6. e4 g6 7. Bd3 Bg7 8. h3 O-O 9. Bg5 h6 10. Be3 Na6 11. Nge2 Nc7 12. a4 b6 13. O-O Ba6 14. Bc2 Nd7 15. Re1 Qh4 16. f4 Rae8 17. Bf2 Qd8 18. Qd2 h5 19. Kh2 Bh6 20. Be3 Nf6 21. Ng1 h4 22. Nf3 Nh5 23. Rad1 f5 24. e5 Bb7 25. e6 a6 26. Bb3 Qe7 27. Ne5 Kh7 28. Nd7 b5 29. Nxf8+ Rxf8 30. axb5 axb5 31. Ra1 Ba6 32. Ne2 Nf6 33. Nc3 b4 34. Na4 c4 35. Nc5 Bb5 36. Ba4 Bxa4 37. Rxa4 Nfxd5 38. Nd7 Re8 39. Nb6 Qxe6 40. Ra7 Kg8 41. Nxc4 Nxe3 42. Nxe3 Bxf4+ 43. Kh1 Bxe3 44. Qxb4 Bxa7 45. Rxe6 Rxe6 46. Qxh4 Bb6 47. Qd8+ Kg7 48. g4 f4 49. g5 Nd5 50. Qd7+ Re7 51. Qxd6 f3 52. Qxd5 Re1+ 53. Kh2 Bc7+ 0-1

[Event "Vienna Chess Open 2019"]
[Site "Vienna"]
[Date "2019.08.17"]
[Round "1.11"]
[White "Van Egmond, Rogier"]
[Black "Buckels, Valentin"]
[Result "0-1"]
[ECO "A13"]
[WhiteElo "2134"]
[BlackElo "2453"]
[Annotator "ChessBase"]
[PlyCount "60"]
[EventDate "2019.08.17"]
[EventType "swiss"]
[EventCountry "AUT"]
[SourceTitle "playchess.com"]
[Source "ChessBase"]
[SourceQuality "1"]
[TimeControl "40/5400+30:1800+30"]

1. c4 e6 2. Nc3 d5 3. e3 Nf6 4. Nf3 b6 5. cxd5 exd5 6. d4 Bd6 7. Bd3 O-O 8. O-O Ba6 9. Ne5 Bxd3 10. Qxd3 Re8 11. f4 Bb4 12. Ne2 Ne4 13. a3 Bf8 14. Nc3 f6 15. Nxe4 fxe5 16. Nc3 exd4 17. exd4 c6 18. b4 Nd7 19. f5 b5 20. Bd2 Bd6 21. Rae1 Nf6 22. Rxe8+ Qxe8 23. Bg5 Bxh2+ 24. Kxh2 Qh5+ 25. Kg1 Qxg5 26. Re1 Ng4 27. Qg3 Rf8 28. Nd1 Qd2 29. Ne3 Re8 30. f6 Nxf6 0-1

[Event "Vienna Chess Open 2019"]
[Site "Vienna"]
[Date "2019.08.17"]
[Round "1.11"]
[White "Cremer, Jochen"]
[Black "Ravi, Teja S."]
[Result "0-1"]
[ECO "B15"]
[WhiteElo "2128"]
[BlackElo "2420"]
[Annotator "NA"]
[PlyCount "94"]
[EventDate "2019.08.17"]
[EventType "swiss"]
[EventCountry "AUT"]
[SourceTitle "playchess.com"]
[Source "ChessBase"]
[SourceQuality "1"]
[TimeControl "40/5400+30:1800+30"]

1. e4 c6 2. d4 d5 3. Nc3 dxe4 4. Nxe4 Nf6 5. Nxf6+ exf6 6. c3 Bd6 7. Bd3 O-O 8. Ne2 Re8 9. O-O Nd7 10. Bf4 Nf8 11. Bxd6 Qxd6 12. Ng3 Be6 13. Qd2 Rad8 14. Rfe1 b6 15. Qc2 Ng6 16. Nf5 Qc7 17. g3 h5 18. Ne3 Nf8 19. Be4 g6 20. Ng2 c5 21. dxc5 Qxc5 22. Nf4 Bg4 23. h3 Bc8 24. Rad1 Qe5 25. Re3 Qb8 26. Rxd8 Rxd8 27. Bd5 Bb7 28. Bb3 Re8 29. Qe2 Rxe3 30. Qxe3 Qe5 31. Qe2 Kg7 32. Kh2 h4 33. Qxe5 hxg3+ 34. Kxg3 fxe5 35. Nd5 Ne6 36. Ne3 Nc5 37. Bc2 f5 38. Nc4 Kf6 39. Nd6 Bd5 40. b3 f4+ 41. Kh2 e4 42. Nc8 Nd3 43. Kg1 f3 44. Nxa7 Be6 45. Nb5 e3 46. fxe3 f2+ 47. Kg2 Bxh3+ 0-1

[Event "Vienna Chess Open 2019"]
[Site "Vienna"]
[Date "2019.08.17"]
[Round "1.12"]
[White "Cvitan, Ognjen"]
[Black "Helmer, Christoph"]
[Result "1-0"]
[ECO "E54"]
[WhiteElo "2493"]
[BlackElo "2146"]
[Annotator "ChessBase"]
[PlyCount "84"]
[EventDate "2019.08.17"]
[EventType "swiss"]
[EventCountry "AUT"]
[SourceTitle "playchess.com"]
[Source "ChessBase"]
[SourceQuality "1"]
[TimeControl "40/5400+30:1800+30"]

1. d4 Nf6 2. c4 e6 3. Nc3 Bb4 4. e3 O-O 5. Bd3 d5 6. Nf3 dxc4 7. Bxc4 c5 8. O-O b6 9. Qe2 Bb7 10. Rd1 Qe7 11. Bd2 Nbd7 12. a3 Bxc3 13. Bxc3 Ne4 14. Be1 Rfd8 15. Rac1 e5 16. Bb5 Ng5 17. Nxe5 Nxe5 18. dxe5 Qxe5 19. f3 Ne6 20. Bh4 Rxd1+ 21. Rxd1 a6 22. Bd3 b5 23. Bg3 Qf6 24. Bb1 Rd8 25. Rxd8+ Qxd8 26. Qd3 Qxd3 27. Bxd3 c4 28. Bc2 g6 29. Be5 Kf8 30. Bf6 Ke8 31. Kf2 Kd7 32. e4 Nc5 33. Ke3 Ke6 34. Bd4 Nd7 35. h4 Ne5 36. Bxe5 Kxe5 37. f4+ Kd6 38. Kd4 f6 39. g4 Bc8 40. g5 f5 41. exf5 gxf5 42. h5 Be6 1-0

[Event "Vienna Chess Open 2019"]
[Site "Vienna"]
[Date "2019.08.17"]
[Round "1.12"]
[White "Haldorsen, Benjamin"]
[Black "Wecker, Martin"]
[Result "1-0"]
[ECO "B40"]
[WhiteElo "2452"]
[BlackElo "2134"]
[Annotator "ChessBase"]
[PlyCount "43"]
[EventDate "2019.08.17"]
[EventType "swiss"]
[EventCountry "AUT"]
[SourceTitle "playchess.com"]
[Source "ChessBase"]
[SourceQuality "1"]
[TimeControl "40/5400+30:1800+30"]

1. e4 c5 2. Nf3 e6 3. b3 a6 4. Bb2 Nc6 5. c4 Qc7 6. g3 Nf6 7. e5 Ng4 8. Qe2 b6 9. Bg2 Bb7 10. O-O h5 11. Re1 Be7 12. Nc3 Nh6 13. Nd5 Qd8 14. Nxe7 Qxe7 15. d4 O-O-O 16. d5 exd5 17. cxd5 Nb4 18. d6 Qe6 19. a3 Nc6 20. b4 cxb4 21. axb4 b5 22. Qe3 1-0

[Event "Vienna Chess Open 2019"]
[Site "Vienna"]
[Date "2019.08.17"]
[Round "1.12"]
[White "Subelj, Jan"]
[Black "Zenari, Marco"]
[Result "1/2-1/2"]
[ECO "B50"]
[WhiteElo "2418"]
[BlackElo "2128"]
[Annotator "NA"]
[PlyCount "85"]
[EventDate "2019.08.17"]
[EventType "swiss"]
[EventCountry "AUT"]
[SourceTitle "playchess.com"]
[Source "ChessBase"]
[SourceQuality "1"]
[TimeControl "40/5400+30:1800+30"]

1. e4 c5 2. Nf3 d6 3. c3 Nf6 4. Be2 Nc6 5. d4 cxd4 6. cxd4 Nxe4 7. d5 Qa5+ 8. Nc3 Nxc3 9. bxc3 Nb8 10. O-O g6 11. Qd4 f6 12. h4 Nd7 13. h5 Ne5 14. Nxe5 dxe5 15. Qh4 g5 16. Qg3 Bh6 17. c4 O-O 18. Ba3 Rf7 19. c5 f5 20. Qb3 Qd8 21. Bc4 Qe8 22. d6 e6 23. Bb2 e4 24. f3 f4 25. fxe4 g4 26. Be2 g3 27. Be5 Qd8 28. Bxf4 Rxf4 29. Qxg3+ Qg5 30. Qxg5+ Bxg5 31. Rxf4 Bxf4 32. Bb5 Be3+ 33. Kh2 Bxc5 34. Rd1 a6 35. d7 Bxd7 36. Bxd7 Kf7 37. Ba4 b5 38. Bc2 Ke7 39. e5 h6 40. Be4 Rd8 41. Rxd8 Kxd8 42. Kg3 a5 43. Bc6 1/2-1/2

[Event "Vienna Chess Open 2019"]
[Site "Vienna"]
[Date "2019.08.18"]
[Round "2.1"]
[White "Dastan, Muhammed Batuhan"]
[Black "Modler, Andreas"]
[Result "1-0"]
[ECO "B43"]
[WhiteElo "2582"]
[BlackElo "2269"]
[Annotator "ChessBase"]
[PlyCount "49"]
[EventDate "2019.08.17"]
[EventType "swiss"]
[EventCountry "AUT"]
[SourceTitle "playchess.com"]
[Source "ChessBase"]
[SourceQuality "1"]
[TimeControl "40/5400+30:1800+30"]

1. e4 c5 2. Nf3 e6 3. d4 cxd4 4. Nxd4 a6 5. Nc3 Qc7 6. Bd3 Nf6 7. f4 d6 8. O-O g6 9. Kh1 Bg7 10. Qe1 O-O 11. f5 b5 12. a3 e5 13. Nf3 Bb7 14. Qh4 Nbd7 15. Bh6 Rae8 16. Rae1 Bxh6 17. Qxh6 Re7 18. Ng5 Rfe8 19. Re3 d5 20. Rh3 Qb6 21. Nxh7 Ng4 22. Qh4 dxe4 23. Ng5 Qf6 24. fxg6 Qg7 25. gxf7+ 1-0

[Event "Vienna Chess Open 2019"]
[Site "Vienna"]
[Date "2019.08.18"]
[Round "2.1"]
[White "Schreiner, Peter"]
[Black "Fuchs, Florian"]
[Result "1/2-1/2"]
[ECO "D37"]
[WhiteElo "2481"]
[BlackElo "2235"]
[Annotator "ChessBase"]
[PlyCount "49"]
[EventDate "2019.08.17"]
[EventType "swiss"]
[EventCountry "AUT"]
[SourceTitle "playchess.com"]
[Source "ChessBase"]
[SourceQuality "1"]
[TimeControl "40/5400+30:1800+30"]

1. d4 Nf6 2. c4 e6 3. Nc3 d5 4. Nf3 Be7 5. g3 O-O 6. Bg2 dxc4 7. Ne5 c5 8. dxc5 Qxd1+ 9. Nxd1 Bxc5 10. O-O Nd5 11. Nxc4 Nc6 12. Be3 Nxe3 13. Ndxe3 Bd7 14. a3 Rfd8 15. b4 Be7 16. Rfd1 Be8 17. Kf1 Rac8 18. Rxd8 Nxd8 19. Be4 f5 20. Bc2 b5 21. Na5 Bf6 22. Rd1 Kf8 23. Bb3 Ke7 24. Nc2 Rc3 25. Nd4 1/2-1/2

[Event "Vienna Chess Open 2019"]
[Site "Vienna"]
[Date "2019.08.18"]
[Round "2.1"]
[White "Froewis, Georg"]
[Black "Vuckovic, Zarko"]
[Result "1/2-1/2"]
[ECO "A13"]
[WhiteElo "2429"]
[BlackElo "2214"]
[Annotator "NA"]
[PlyCount "97"]
[EventDate "2019.08.17"]
[EventType "swiss"]
[EventCountry "AUT"]
[SourceTitle "playchess.com"]
[Source "ChessBase"]
[SourceQuality "1"]
[TimeControl "40/5400+30:1800+30"]

1. Nf3 e6 2. c4 d5 3. e3 Nf6 4. Nc3 Be7 5. b3 O-O 6. Bb2 c5 7. cxd5 Nxd5 8. Be2 b6 9. Nxd5 exd5 10. d4 Bb7 11. O-O Nd7 12. Rc1 Rc8 13. Rc2 a5 14. Qa1 Nf6 15. a4 Qd7 16. Rfc1 Qf5 17. Ba3 Ne4 18. Bd3 Qe6 19. dxc5 bxc5 20. Bxe4 dxe4 21. Nd2 Rfd8 22. Bb2 Bf8 23. Bc3 Ra8 24. Nc4 Bd5 25. Nxa5 Bxb3 26. Nxb3 Qxb3 27. a5 Rd3 28. Be1 Qd5 29. Qa2 Qxa2 30. Rxa2 f5 31. Kf1 Kf7 32. Ke2 Ke6 33. Rb1 Be7 34. a6 Ra7 35. Ra4 Rd6 36. Rba1 Bf6 37. R1a2 Kd7 38. f3 exf3+ 39. gxf3 Kc6 40. Bg3 Rd8 41. e4 fxe4 42. fxe4 Bc3 43. Bf2 Kb5 44. Be1 Rd4 45. Rxd4 Bxd4 46. Kd3 Rxa6 47. Rxa6 Kxa6 48. Kc4 Kb6 49. Kd5 1/2-1/2

[Event "Vienna Chess Open 2019"]
[Site "Vienna"]
[Date "2019.08.18"]
[Round "2.2"]
[White "Pali, Philipp"]
[Black "Buhmann, Rainer"]
[Result "1/2-1/2"]
[ECO "A06"]
[WhiteElo "2266"]
[BlackElo "2574"]
[Annotator "ChessBase"]
[PlyCount "93"]
[EventDate "2019.08.17"]
[EventType "swiss"]
[EventCountry "AUT"]
[SourceTitle "playchess.com"]
[Source "ChessBase"]
[SourceQuality "1"]
[TimeControl "40/5400+30:1800+30"]

1. Nf3 d5 2. g3 Bg4 3. Bg2 e6 4. O-O Nf6 5. c4 c6 6. d3 Be7 7. cxd5 Bxf3 8. Bxf3 cxd5 9. Qb3 Qd7 10. Nc3 Nc6 11. e4 O-O 12. exd5 Nd4 13. Qd1 Nxf3+ 14. Qxf3 Nxd5 15. Nxd5 exd5 16. Bf4 Bf6 17. Rac1 Rac8 18. Qe2 h5 19. h4 g6 20. Rxc8 Rxc8 21. Rc1 Re8 22. Qf3 Bxb2 23. Rc7 Qe6 24. Rxb7 Bd4 25. Kg2 Rc8 26. Rc7 Rb8 27. Rc2 Re8 28. Rc7 Bb6 29. Rb7 Rc8 30. Rb8 Rxb8 31. Bxb8 Kf8 32. Qf4 Ke8 33. Be5 Kd7 34. Bd4 Kc6 35. Bxb6 axb6 36. Qa4+ Kb7 37. Qb5 Kc7 38. a4 Qc6 39. Kf3 Qf6+ 40. Kg2 Qc6 41. Kf3 Kd6 42. Qb4+ Qc5 43. Qf4+ Ke6 44. Qe3+ Kd7 45. Qf4 Ke6 46. Qe3+ Kd7 47. Qf4 1/2-1/2

[Event "Vienna Chess Open 2019"]
[Site "Vienna"]
[Date "2019.08.18"]
[Round "2.2"]
[White "Exler, Veronika"]
[Black "Yankelevich, Lev"]
[Result "0-1"]
[ECO "B03"]
[WhiteElo "2244"]
[BlackElo "2480"]
[Annotator "ChessBase"]
[PlyCount "56"]
[EventDate "2019.08.17"]
[EventType "swiss"]
[EventCountry "AUT"]
[SourceTitle "playchess.com"]
[Source "ChessBase"]
[SourceQuality "1"]
[TimeControl "40/5400+30:1800+30"]

1. e4 Nf6 2. e5 Nd5 3. d4 d6 4. c4 Nb6 5. exd6 exd6 6. Nc3 Be7 7. Bd3 O-O 8. Nge2 Na6 9. O-O c6 10. a3 Nc7 11. Be3 d5 12. c5 Nc4 13. Bxc4 dxc4 14. Qa4 Be6 15. Nf4 Qd7 16. Nxe6 Qxe6 17. Rfe1 b5 18. cxb6 axb6 19. Qc2 Qg6 20. Qxg6 hxg6 21. d5 Nxd5 22. Nxd5 cxd5 23. Bxb6 Bf6 24. Rab1 Rfb8 25. Bc7 Rxb2 26. Rbd1 Rc8 27. Be5 Bxe5 28. Rxe5 c3 0-1

[Event "Vienna Chess Open 2019"]
[Site "Vienna"]
[Date "2019.08.18"]
[Round "2.2"]
[White "Gelbenegger, Patrick"]
[Black "Ozen, Deniz"]
[Result "0-1"]
[ECO "B03"]
[WhiteElo "2218"]
[BlackElo "2429"]
[Annotator "NA"]
[PlyCount "70"]
[EventDate "2019.08.17"]
[EventType "swiss"]
[EventCountry "AUT"]
[SourceTitle "playchess.com"]
[Source "ChessBase"]
[SourceQuality "1"]
[TimeControl "40/5400+30:1800+30"]

1. e4 Nf6 2. e5 Nd5 3. d4 d6 4. exd6 cxd6 5. c3 g6 6. Bd3 Bg7 7. Nf3 O-O 8. O-O Nc6 9. Re1 Qc7 10. Nbd2 e5 11. Nb3 Rd8 12. Bg5 f6 13. Bh4 Nce7 14. Bg3 Nf5 15. Qc2 Kh8 16. Rad1 Nxg3 17. hxg3 Be6 18. Qb1 Bf7 19. Bc2 Rac8 20. Nbd2 f5 21. Nf1 Bf6 22. Bb3 e4 23. N3h2 Bg5 24. g4 Nf4 25. gxf5 gxf5 26. g3 Bxb3 27. axb3 Nd3 28. Rxd3 exd3 29. Qxd3 f4 30. Nf3 Qg7 31. Qf5 Rg8 32. Re6 fxg3 33. Nxg3 Bc1 34. Rxd6 Rcf8 35. Qe6 Rxf3 0-1

[Event "Vienna Chess Open 2019"]
[Site "Vienna"]
[Date "2019.08.18"]
[Round "2.3"]
[White "Peralta, Fernando"]
[Black "Klek, Hanna Marie"]
[Result "1-0"]
[ECO "D31"]
[WhiteElo "2572"]
[BlackElo "2265"]
[Annotator "ChessBase"]
[PlyCount "61"]
[EventDate "2019.08.17"]
[EventType "swiss"]
[EventCountry "AUT"]
[SourceTitle "playchess.com"]
[Source "ChessBase"]
[SourceQuality "1"]
[TimeControl "40/5400+30:1800+30"]

1. d4 d5 2. c4 e6 3. Nc3 a6 4. cxd5 exd5 5. Nf3 Be6 6. Bf4 Bd6 7. Bg3 Ne7 8. e3 Nf5 9. Bd3 Nxg3 10. hxg3 Nd7 11. Ne2 c6 12. Qd2 Qe7 13. a3 Bg4 14. Nh4 Nf6 15. f3 Bd7 16. g4 g6 17. g5 Nh5 18. f4 Bg4 19. Nf3 h6 20. gxh6 Bxf3 21. gxf3 Qf6 22. O-O-O O-O-O 23. f5 Rdg8 24. e4 dxe4 25. fxe4 Bf8 26. Kb1 Rxh6 27. e5 Qd8 28. f6 Kb8 29. Qc2 Qb6 30. Bc4 Bxa3 31. Rh3 1-0

[Event "Vienna Chess Open 2019"]
[Site "Vienna"]
[Date "2019.08.18"]
[Round "2.3"]
[White "Ragger, Anna-Christina"]
[Black "Balinov, Ilia"]
[Result "1-0"]
[ECO "B01"]
[WhiteElo "2241"]
[BlackElo "2467"]
[Annotator "ChessBase"]
[PlyCount "103"]
[EventDate "2019.08.17"]
[EventType "swiss"]
[EventCountry "AUT"]
[SourceTitle "playchess.com"]
[Source "ChessBase"]
[SourceQuality "1"]
[TimeControl "40/5400+30:1800+30"]

1. e4 d5 2. exd5 Qxd5 3. Nc3 Qd6 4. d4 Nf6 5. Nf3 a6 6. g3 Bg4 7. h3 Bh5 8. Bg2 Nc6 9. Be3 O-O-O 10. Qe2 Qb4 11. O-O-O e6 12. g4 Bg6 13. a3 Qa5 14. Ne5 Nxe5 15. dxe5 Bxa3 16. Nb1 Bxb2+ 17. Kxb2 Qxe5+ 18. Kc1 Nd5 19. Bxd5 Rxd5 20. Rxd5 Qxd5 21. Rd1 Qc6 22. Qd2 b6 23. Qc3 Kb7 24. Qxc6+ Kxc6 25. Nd2 h5 26. Nf3 hxg4 27. Ne5+ Kb5 28. Nxg6 fxg6 29. hxg4 Kc6 30. Bf4 Rf8 31. Bg3 a5 32. Rd3 Rf7 33. Rc3+ Kb7 34. Re3 Re7 35. f4 Kc6 36. f5 gxf5 37. gxf5 Kd7 38. fxe6+ Rxe6 39. Rxe6 Kxe6 40. Bxc7 a4 41. Bxb6 Kd5 42. Be3 Ke4 43. c4 g5 44. c5 Kd5 45. Kb2 Kc6 46. Ka3 Kb5 47. Bg1 g4 48. Be3 g3 49. Bg1 g2 50. Bf2 Ka5 51. c6 Ka6 52. Kb4 1-0

[Event "Vienna Chess Open 2019"]
[Site "Vienna"]
[Date "2019.08.18"]
[Round "2.3"]
[White "Newrkla, Katharina"]
[Black "Gilevych, Artem"]
[Result "0-1"]
[ECO "C15"]
[WhiteElo "2215"]
[BlackElo "2424"]
[Annotator "NA"]
[PlyCount "90"]
[EventDate "2019.08.17"]
[EventType "swiss"]
[EventCountry "AUT"]
[SourceTitle "playchess.com"]
[Source "ChessBase"]
[SourceQuality "1"]
[TimeControl "40/5400+30:1800+30"]

1. e4 e6 2. d4 d5 3. Nc3 Bb4 4. exd5 exd5 5. Bd3 Qf6 6. Nf3 Bg4 7. Bg5 Qe6+ 8. Qe2 Bxf3 9. Qxe6+ fxe6 10. gxf3 Nc6 11. Bb5 Nge7 12. Bxe7 Kxe7 13. Bxc6 bxc6 14. Rg1 g6 15. Ke2 Bd6 16. h4 Rab8 17. b3 e5 18. Rad1 Rb4 19. Rg4 Rxd4 20. Rdxd4 exd4 21. Na4 c5 22. h5 Kf6 23. hxg6 h5 24. Rg1 Rg8 25. Rh1 Kxg6 26. f4 Rf8 27. Rh4 Be7 28. Rh3 Rxf4 29. c3 h4 30. cxd4 cxd4 31. Nb2 Kg5 32. Nd3 Re4+ 33. Kf3 Re6 34. Rh1 Ra6 35. Rc1 Bd6 36. Rg1+ Kh5 37. Rg4 c5 38. Rg8 c4 39. bxc4 dxc4 40. Nf4+ Bxf4 41. Kxf4 c3 42. Ke4 Rc6 43. Rg1 c2 44. Rc1 Kg4 45. Kxd4 Kf3 0-1

[Event "Vienna Chess Open 2019"]
[Site "Vienna"]
[Date "2019.08.18"]
[Round "2.4"]
[White "Palac, Mladen"]
[Black "Gueci, Tea"]
[Result "1-0"]
[ECO "B31"]
[WhiteElo "2551"]
[BlackElo "2259"]
[Annotator "ChessBase"]
[PlyCount "73"]
[EventDate "2019.08.17"]
[EventType "swiss"]
[EventCountry "AUT"]
[SourceTitle "playchess.com"]
[Source "ChessBase"]
[SourceQuality "1"]
[TimeControl "40/5400+30:1800+30"]

1. e4 c5 2. Nf3 Nc6 3. Bb5 g6 4. Bxc6 dxc6 5. d3 Bg7 6. a4 a5 7. O-O Nf6 8. Nfd2 e5 9. Nc4 Nh5 10. Be3 b6 11. b4 axb4 12. a5 b5 13. Nb6 Rxa5 14. Rxa5 Qxb6 15. Ra8 O-O 16. Nd2 Nf4 17. Nb3 Ne6 18. Qa1 Nd4 19. Bxd4 cxd4 20. Qa7 Qxa7 21. Rxa7 f5 22. Nc5 fxe4 23. dxe4 Re8 24. Rc7 Be6 25. Rxc6 Bc4 26. Ra1 Bf8 27. Nd7 Re7 28. Nxf8 Kxf8 29. f3 b3 30. cxb3 Bxb3 31. Kf2 Bc4 32. Ke1 Kf7 33. h4 Rb7 34. Rca6 b4 35. Ra7 Rxa7 36. Rxa7+ Kg8 37. Ra4 1-0

[Event "Vienna Chess Open 2019"]
[Site "Vienna"]
[Date "2019.08.18"]
[Round "2.4"]
[White "Blohberger, Felix"]
[Black "Ganaus, Hannes"]
[Result "1-0"]
[ECO "B10"]
[WhiteElo "2467"]
[BlackElo "2229"]
[Annotator "ChessBase"]
[PlyCount "81"]
[EventDate "2019.08.17"]
[EventType "swiss"]
[EventCountry "AUT"]
[SourceTitle "playchess.com"]
[Source "ChessBase"]
[SourceQuality "1"]
[TimeControl "40/5400+30:1800+30"]

1. e4 c6 2. Nf3 d5 3. Nc3 dxe4 4. Nxe4 Nf6 5. Qe2 Bg4 6. h3 Bh5 7. Nxf6+ gxf6 8. d3 Na6 9. Bd2 Qb6 10. Bc3 O-O-O 11. Qe3 Bxf3 12. Qxf3 Nc7 13. Qf5+ e6 14. Qa5 Nd5 15. Qxb6 axb6 16. Bd2 Nb4 17. Kd1 h5 18. h4 f5 19. Be2 Nd5 20. Bf3 Bg7 21. Rb1 b5 22. g3 Rde8 23. c3 Nf6 24. a3 Ng4 25. Ke2 e5 26. Rhe1 Rd8 27. Rbd1 Rd7 28. Bg2 Rhd8 29. f3 Rxd3 30. fxg4 Rxg3 31. Rg1 hxg4 32. Be4 fxe4 33. Rxg3 f5 34. Bg5 Rxd1 35. Kxd1 Kd7 36. Ke2 Ke6 37. Rg1 c5 38. h5 Kf7 39. Rf1 Ke6 40. h6 Bh8 41. Rd1 1-0